 Dungeon Crawl Stone Soup version 0.27-a0-972-gd1521fd518 (webtiles) character file.

Game seed: 13132275162807327434

2872 wakim the Magician (level 9, -6/67 HPs)
             Began as a Djinni Venom Mage on Apr 14, 2021.
             Was an Initiate of Makhleb.
             Killed from afar by an acid dragon (10 damage)
             ... with a splash of acid
             ... on level 7 of the Dungeon.
             The game lasted 00:31:18 (10581 turns).

wakim the Magician (Djinni Venom Mage)             Turns: 10581, Time: 00:31:18

Health: -6/67      AC:  2    Str:  7    XL:     9   Next: 76%
Gold:   344        EV: 13    Int: 20    God:    Makhleb [......] SH: 10 Dex: 14

rFire    + + .     SeeInvis +   b - +2 dagger (venom)
rCold    . . .     Faith    .   f - +0 buckler
rNeg     + . .     Spirit   .   l - +2 leather armour {rC+}
rPois    ∞         Reflect  +   (no helmet)
rElec    .         Harm     .   d - +0 cloak
rCorr    .         Rampage  .   (no gloves)
Will     .....                  (boots unavailable)
Stlth    ++........             k - amulet of reflection
HPRegen  0.21/turn              e - ring of positive energy
MPRegen  0.00/turn              j - ring of see invisible

@: corroded, flying
A: fire resistance 2, cold vulnerability 1, float, innate caster, hp casting,
extra vitality 1
a: Renounce Religion


You were on level 7 of the Dungeon.
You worshipped Makhleb.
Makhleb was noncommittal.
You visited 2 branches of the dungeon, and saw 8 of its levels.
You also visited: Ossuary.

You collected 344 gold pieces.

Inventory:

Hand Weapons
 a - a +0 falchion
 b - a +2 dagger of venom (weapon)
Armour
 d - a +0 cloak (worn)
 f - a +0 buckler (worn)
 l - a +2 leather armour of cold resistance (worn)
Jewellery
 e - a ring of positive energy (left hand)
 j - a ring of see invisible (right hand)
 k - an amulet of reflection (around neck)
 o - a +4 ring of evasion
Wands
 v - a wand of flame (10)
Scrolls
 i - a scroll of enchant armour
 n - 2 scrolls of enchant weapon
 X - a scroll of fog
Potions
 h - a potion of degeneration {unknown}
 A - a potion of ambrosia
 B - 2 potions of attraction {!q}
 F - 2 potions of curing
 I - a potion of invisibility
 J - a potion of heal wounds
 M - 5 potions of mutation {!q}
 O - a potion of resistance


   Skills:
 * Level 6.8 Fighting
 + Level 3.4 Armour
 - Level 6.0 Dodging
 - Level 1.5 Stealth
 - Level 4.0 Shields
 * Level 7.4 Spellcasting


You couldn't memorise any spells.
You knew the following spells:

 Your Spells              Type           Power      Damage    Failure   Level
a - Sting                 Tmut/Pois      100%       1d8       1%          1
b - Ignite Poison         Fire/Tmut/Pois 37%        N/A       1%          3
c - Shock                 Conj/Air       100%       1d9       1%          1
d - Stone Arrow           Conj/Erth      74%        3d11      1%          3
e - Sticky Flame          Conj/Fire      37%        2d6       6%          4
f - Mephitic Cloud        Conj/Pois/Air  37%        N/A       1%          3
q - Passwall              Tmut/Erth      30%        N/A       1%          2
x - Poisonous Vapours     Pois/Air       74%        N/A       1%          2
y - Olgreb's Toxic Radia  Pois           37%        N/A       6%          4
Your spell library was empty.

Dungeon Overview and Level Annotations

Branches:
Dungeon (7/15)             Temple (1/1) D:7         Ossuary (visited)

Altars:
Ashenzari
Cheibriados
Dithmenos
Elyvilon
Fedhas
Gozag
Hepliaklqana
Kikubaaqudgha
Makhleb
Nemelex Xobeh
Okawaru
Qazlal
Ru
Sif Muna
Uskayaw
Vehumet
Wu Jian
Xom
Yredelemnul
Zin
The Shining One

Shops:
D:7 ?(?


Innate Abilities, Weirdness & Mutations

You are immune to poison.
Your flesh is very heat resistant. (rF++)
You are vulnerable to cold. (rC-)
You float through the air rather than walking.
You learn spells naturally, not from books.
Your magical power is your life essence.
You have superior vitality. (+4 HP)


Message History

Press: ? - help, Shift-Dir - straight line, f/p - acid dragon
Aim: an acid dragon (moderately wounded, catching its breath, 26% to evade)
The zap hits the acid dragon but does no damage.
The acid dragon is moderately wounded.
The jelly quivers.
Casting: Shock (safe; 1% risk of failure)
Confirm with . or Enter, or press ? or * to list all spells.
Aiming: Shock (safe; 1% risk of failure)
Press: ? - help, Shift-Dir - straight line, f/p - acid dragon
Aim: an acid dragon (moderately wounded, catching its breath, 26% to evade)
The zap hits the acid dragon.
The acid dragon is moderately wounded.
You hit the acid dragon but do no damage.
The acid dragon is moderately wounded.
You block the acid dragon's attack. x2
You hit the acid dragon but do no damage.
The acid dragon is moderately wounded.
The acid dragon spits acid at you. The splash of acid hits you!
The acid corrodes you!
You are splashed with acid!
* * * LOW HITPOINT WARNING * * *
You hear a croak.
You barely miss the acid dragon.
The acid dragon is moderately wounded.
The acid dragon bites you!
* * * LOW HITPOINT WARNING * * *
You block the acid dragon's attack.
As you read the scroll of fear, it crumbles to dust.
You assume a fearsome visage.
The acid dragon resists with some effort.
You block the acid dragon's attack. The acid dragon closely misses you.
As you read the scroll of fog, it crumbles to dust.
The scroll dissolves into smoke.
The acid dragon bites you!
* * * LOW HITPOINT WARNING * * *
The acid dragon claws you.
* * * LOW HITPOINT WARNING * * *
A bullfrog comes into view.
Okay, then.
The acid dragon spits acid at you. The splash of acid hits you!
You die...

..........#.# #.# #.#
####........# #.# #.# #
#[....^..###.# #.# #
##...........# #.# #
#.......###.# #.# #
################# ###.###
#.... #.§§§§#.....# #.....#
#.....#.F§§§#.....#
#.....#####
#..#..#.§#FJ#.@#..#
#..........
###..#..#D.#§§#..#..#
#.....####.
.....#..J..#§FD..#..# #.....#
#. ....J#.....#§....#..#
#.##### #.
##################..# #+#..#
#. .........)..........# +..#
#.
......†..........)..###+##.##
#.
##################..#.......#
#. #.....#.....#..######..#
#.


You could see an acid dragon (catching breath) and a bullfrog.

Vanquished Creatures
  Pikel (D:6)
  Joseph (D:7)
  A steam dragon (D:6)
  A sky beast (D:6)
  2 black bears
  An ice beast (D:6)
  An ogre (D:5)
  A necrophage (D:7)
  2 lemures (D:6)
  3 elf zombies (Ossuary)
  A wyvern zombie (D:7)
  A wyvern skeleton (D:7)
  3 killer bees (D:7)
  7 wights
  A centaur zombie (Ossuary)
  A human zombie (D:5)
  2 centaur skeletons
  A bullfrog skeleton (D:4)
  6 iguanas
  2 orc wizards
  A hound zombie (Ossuary)
  2 hound skeletons (D:4)
  3 mummies (Ossuary)
  7 adders
  3 gnolls (D:4)
  A white imp (D:7)
  An ufetubus (D:6)
  3 adder zombies (Ossuary)
  A worm (D:3)
  7 dart slugs
  5 orcs
  8 ball pythons
  6 endoplasms
  4 giant cockroaches
  2 gnoll zombies (Ossuary)
  12 goblins
  9 hobgoblins
  7 jackals
  11 kobolds
  3 quokkas
  8 bats
  A frilled lizard (D:3)
  A goblin zombie (Ossuary)
  6 hobgoblin zombies
  2 jackal zombies
  3 kobold zombies (Ossuary)
  An orc zombie (Ossuary)
  8 quokka zombies (Ossuary)
  6 rats
  4 rat zombies (Ossuary)
175 creatures vanquished.

Vanquished Creatures (others)
  An ice beast (D:7)
1 creature vanquished.

Grand Total: 176 creatures vanquished

Notes
Turn   | Place    | Note
-------+----------+-------------------------------------------
     0 | D:1      | wakim the Djinni Venom Mage began the quest for the Orb.
     0 | D:1      | Reached XP level 1. HP: 15/15 MP: 0/0
   215 | D:1      | Reached skill level 1 in Fighting
   215 | D:1      | Reached XP level 2. HP: 18/22 MP: 0/0
   387 | D:1      | Reached skill level 3 in Spellcasting
   752 | D:1      | Reached XP level 3. HP: 17/27 MP: 0/0
   752 | D:1      | Learned a level 1 spell: Shock
   757 | D:1      | Reached skill level 1 in Shields
  1865 | D:2      | Reached XP level 4. HP: 30/33 MP: 0/0
  3152 | D:3      | Found a faded altar of an unknown god.
  3452 | D:3      | Reached XP level 5. HP: 28/38 MP: 0/0
  3452 | D:3      | Learned a level 2 spell: Passwall
  5056 | D:4      | Reached skill level 4 in Spellcasting
  5483 | D:4      | Reached XP level 6. HP: 36/45 MP: 0/0
  5723 | D:5      | Entered Level 5 of the Dungeon
  6034 | D:5      | Found a sand-covered staircase.
  6130 | Ossuary  | Entered an ossuary
  6621 | Ossuary  | Reached XP level 7. HP: 42/50 MP: 0/0
  6621 | Ossuary  | Learned a level 3 spell: Stone Arrow
  7194 | Ossuary  | Reached skill level 5 in Spellcasting
  7768 | D:5      | Reached XP level 8. HP: 52/58 MP: 0/0
  8099 | D:6      | Reached skill level 6 in Spellcasting
  8315 | D:6      | Reached skill level 1 in Armour
  8504 | D:6      | Noticed a two-headed ogre
  8504 | D:6      | Noticed a yak
  8611 | D:6      | Reached skill level 5 in Fighting
  9059 | D:6      | Noticed Pikel
  9068 | D:6      | Killed Pikel
  9069 | D:6      | Reached skill level 5 in Dodging
  9069 | D:6      | Reached XP level 9. HP: 43/66 MP: 0/0
  9069 | D:6      | Learned a level 4 spell: Sticky Flame
  9340 | D:7      | Found Ohirch's Magic Scroll Emporium.
  9395 | D:7      | Noticed Joseph
  9399 | D:7      | Reached skill level 7 in Spellcasting
  9400 | D:7      | Killed Joseph
  9560 | D:7      | Found a staircase to the Ecumenical Temple.
  9580 | D:7      | Found Degefe's Magic Scroll Boutique.
  9620 | Temple   | Entered the Ecumenical Temple
  9798 | Temple   | Became a worshipper of Makhleb the Destroyer
 10257 | D:7      | Found Hasonum's Weapon Boutique.
 10577 | D:7      | HP: 3/67 [acid dragon (5)]
 10581 | D:7      | Killed from afar by an acid dragon

Illustrated notes

Levels and vault maps discovered:
D:1:      dpeg_arrival_tiny_j, layout_loops_ring, corexii_corridor_pit
D:2:      layout_basic, kennysheep_generic_room_8
D:3:      minmay_evil_eye, layout_basic,
          hellmonk_ecumenical_altar_pennies_from_heaven, corner_web_ring
D:4:      kennysheep_slugbush, layout_loops_ring, minmay_goblin_kobold_house
D:5:      layout_loops_ring, enter_ossuary_3
D:6:      layout_basic, lightli_corner_chamber, uniq_pikel
D:7:      kennysheep_windowed_halls, layout_loops_ring,
          lemuel_temple_firewalk_b, serial_shops, nicolae_shop_behind_doors,
          shop, kennysheep_little_box, shop, shop_statue, uniq_joseph
Temple:   roderic_octagonal_lattice_temple

Skill      XL: |  1  2  3  4  5  6  7  8  9 |
---------------+----------------------------+-----
Fighting       | 1 2 3 4 6 |  6.8
Spellcasting   | 3 4 5 6 7 |  7.4
Shields        | 1 2 3 4 |  4.0
Armour         | 2 3 |  3.4
Dodging        | 5 6 |  6.0
Stealth        | |  1.5

Action                   |  1- 3 |  4- 6 |  7- 9 || total
-------------------------+-------+-------+-------++-------
Melee: Dagger            |     1 |     1 |     6 ||     8
       Falchion          |       |     3 |     6 ||     9
 Cast: Sting             |     9 |     2 |       ||    11
       Poisonous Vapours |    33 |    64 |    20 ||   117
       Shock             |     4 |    81 |    96 ||   181
       Olgreb's Toxic Ra |       |     1 |     8 ||     9
       Ignite Poison     |       |       |    13 ||    13
  Use: Scroll            |     3 |     4 |    12 ||    19
Armor: Robe              |     5 |     4 |       ||     9
       Leather armour    |       |    11 |    12 ||    23
Dodge: Dodged            |    12 |    38 |    33 ||    83
Block: Buckler           |     3 |    19 |    34 ||    56
       Reflection        |       |       |     1 ||     1
       Rpst.: Falchion   |       |     9 |     7 ||    16

Table legend: (Time is in decaauts)
 A = Elapsed time spent in this place.
 B = Non-inter-level travel time spent in this place.
 C = Inter-level travel time spent in this place.
 D = Time resting spent in this place.
 E = Time spent auto-exploring this place.
 F = Levels seen in this place.
 G = Mean time per level.
                   A        B        C        D        E       F      G
               +--------+--------+--------+--------+--------+-----+--------+
         Total |  10582 |  10245 |    337 |     58 |   8746 |   9 | 1175.8 |
       Dungeon |   9071 |   8746 |    325 |      0 |   7542 |   7 | 1295.9 |
        Temple |    292 |    280 |     12 |      0 |    262 |   1 |  292.0 |
       Ossuary |   1217 |   1217 |      0 |     58 |    942 |   1 | 1217.0 |
               +--------+--------+--------+--------+--------+-----+--------+

Top non-repeatable levels by time:
     D:1: 1531 daAuts
     D:3: 1525 daAuts
     D:4: 1359 daAuts
     D:2: 1334 daAuts
 Ossuary: 1217 daAuts
     D:6: 1215 daAuts
     D:7: 1095 daAuts
     D:5: 1010 daAuts
  Temple: 292 daAuts
